 Dungeon Crawl Stone Soup version 0.28-a0-1033-g1a2f33fa85 (webtiles) character file.

Game seed: 1521154551345699323

289 mcbry74 the Chopper (level 6, -4/53 HPs)
             Began as a Hill Orc Fighter on Dec 7, 2021.
             Was a Believer of Okawaru.
             Slain by vineage's ghost (10 damage)
             ... on level 3 of the Dungeon on Dec 8, 2021.
             The game lasted 00:10:21 (2788 turns).

mcbry74 the Chopper (Hill Orc Fighter)              Turns: 2788, Time: 00:10:22

Health: -4/53      AC:  9    Str: 19    XL:     6   Next: 31%
Magic:  7/8        EV: 11    Int: 10    God:    Okawaru [**....]
Gold:   111        SH:  6    Dex: 10    Spells: 5/5 levels left

rFire   . . .      SeeInvis .   m - +4 hand axe
rCold   . . .      Faith    .   c - +0 buckler
rNeg    . . .      Spirit   .   b - +0 scale mail
rPois   .          Reflect  .   (no helmet)
rElec   .          Harm     .   (no cloak)
rCorr   .          Rampage  .   g - +0 pair of gloves
Will    .....                   (no boots)
Stlth   +.........              (no amulet)
HPRegen 0.17/turn               (no ring)
MPRegen 0.11/turn               (no ring)

@: heroic, hasted, very quick
A: no striking features
a: Renounce Religion, Heroism


You were on level 3 of the Dungeon.
You worshipped Okawaru.
Okawaru was pleased with you.
You visited 1 branch of the dungeon, and saw 4 of its levels.

You collected 131 gold pieces.
You spent 20 gold pieces at shops.

Inventory:

Hand Weapons
 a - a +0 war axe
 i - a +0 hunting sling
 m - a +4 hand axe (weapon)
 o - a +2 hand axe of venom
Missiles
 k - 21 sling bullets
 r - 26 poisoned darts (quivered)
Armour
 b - a +0 scale mail (worn)
 c - a +0 buckler (worn)
 g - a +0 pair of gloves (worn)
 n - a +0 chain mail
Scrolls
 e - 2 scrolls of enchant weapon {unknown}
 f - a scroll of acquirement {unknown}
 l - a scroll of blinking {unknown}
 t - a scroll of teleportation {unknown}
 u - a scroll of holy word {unknown}
Potions
 d - 2 potions of might
 h - a potion of magic
 q - a potion of heal wounds {unknown}
 s - a potion of cancellation {unknown}
 v - 2 potions of invisibility


   Skills:
 - Level 4.4(9.4) Fighting
 * Level 5.1(10.5) Axes
 + Level 1.6(8.2) Maces & Flails
 + Level 1.6(8.1) Polearms
 - Level 4.0(9.0) Armour
 - Level 4.0(9.0) Shields
 + Level 2.9 Invocations


You had 5 spell levels left.
You didn't know any spells.
Your spell library was empty.

Dungeon Overview and Level Annotations

Branches:
Dungeon (4/15)
 Temple: D:4-7

Altars:
Okawaru

Shops:
D:1 ?

Annotations:
D:3 1 transporter, vineage's ghost, amateur GrFi


Message History

The water moccasin skeleton is lightly damaged.
You hit vineage's ghost.
Vineage's ghost is lightly damaged.
You hit vineage's ghost.
Vineage's ghost is lightly damaged.
Vineage's ghost hits you! Vineage's ghost burns you.
You hit vineage's ghost but do no damage.
Vineage's ghost is lightly damaged.
You slash vineage's ghost!
Vineage's ghost is moderately damaged.
Vineage's ghost closely misses you.
You hit vineage's ghost but do no damage.
Vineage's ghost is moderately damaged.
Vineage's ghost hits you but does no damage.
You hit vineage's ghost but do no damage.
Vineage's ghost is moderately damaged.
Vineage's ghost laughs, "And you think you're capable of finding the ORB?
I had it, you know.
Then I gave it away so I could steal it AGAIN."
Vineage's ghost hits you! Vineage's ghost burns you.
You hit vineage's ghost but do no damage.
Vineage's ghost is moderately damaged.
You slash vineage's ghost!
Vineage's ghost is heavily damaged.
Vineage's ghost closely misses you.
You hit vineage's ghost but do no damage.
Vineage's ghost is heavily damaged.
Vineage's ghost hits you!
* * * LOW HITPOINT WARNING * * *
Vineage's ghost burns you.
* * * LOW HITPOINT WARNING * * *
You hit vineage's ghost.
Vineage's ghost is heavily damaged.
Vineage's ghost misses you.
You hit vineage's ghost.
Vineage's ghost is severely damaged.
Vineage's ghost hits you.
* * * LOW HITPOINT WARNING * * *
Vineage's ghost burns you.
* * * LOW HITPOINT WARNING * * *
It was a potion of haste.
You feel yourself speed up. Vineage's ghost hits you!
You die...

....#.........................#.#
##..#........©........#####...#.#
....#..#############..........#.#
.......#©..........#.....[....#.#
.......#...........#..######..#.#
.......#..##..Z##..#..........#.#
.......#..#8...8#..#..######..#.#
.......#..##..Z##..#.........>..#
#..##..#.....ZzW@..#..######..###
#..##..#..##..Z##..#..#....).[...
#..##..#..#8...8#..#..#......)...
#..##..#..##...##..#.......#.#...
#..##..#...........#......##.##..
#..##..#.....).....#.......###..#
#..##..#############........#..##
#..##........©.............###.)#
#.....................##..##.##..


You could see a wight, vineage's ghost, a hornet zombie, a centaur zombie and a
water moccasin skeleton.

Vanquished Creatures
  A hound (D:3)
  An orc priest (D:2)
  Terence (D:2)
  An orc wizard (D:3)
  Natasha (D:2)
  9 adders
  3 worms
  10 orcs
  5 ball pythons
  A bat (D:2)
  3 endoplasms
  2 giant cockroaches
  2 hobgoblins (D:2)
  3 jackals (D:3)
  A quokka (D:2)
  3 frilled lizards
  3 goblins (D:1)
  10 kobolds
  3 rats
63 creatures vanquished.

Notes
Turn   | Place    | Note
-------+----------+-------------------------------------------
     0 | D:1      | mcbry74 the Hill Orc Fighter began the quest for the Orb.
     0 | D:1      | Reached XP level 1. HP: 19/19 MP: 1/1
   212 | D:1      | Reached skill level 3 in Axes
   212 | D:1      | Reached XP level 2. HP: 27/27 MP: 2/2
   298 | D:1      | Found a faded altar of an unknown god.
   372 | D:1      | Prayed at the altar of an unknown god.
   372 | D:1      | Became a worshipper of Warmaster Okawaru
   372 | D:1      | Reached * piety under Okawaru
   393 | D:1      | Found Ulyrewa's Magic Scroll Shoppe.
   410 | D:1      | Bought a scroll of identify for 20 gold pieces
   721 | D:2      | Reached XP level 3. HP: 33/33 MP: 3/3
   832 | D:2      | Noticed Terence
   838 | D:2      | Killed Terence
   968 | D:2      | Reached XP level 4. HP: 29/40 MP: 1/4
   971 | D:2      | Reached skill level 1 in Invocations
   975 | D:2      | HP: 2/41 [poisoned by an orc priest]
  1496 | D:2      | Reached skill level 4 in Axes
  1496 | D:2      | Reached XP level 5. HP: 45/47 MP: 6/6
  1618 | D:2      | Noticed Natasha
  1628 | D:2      | Killed Natasha
  1711 | D:3      | Found a transporter.
  1716 | D:3      | Noticed vineage's ghost (amateur GrFi)
  1717 | D:3      | Found a transporter.
  1790 | D:3      | Reached skill level 1 in Maces & Flails
  1790 | D:3      | Reached skill level 1 in Polearms
  2052 | D:3      | Reached ** piety under Okawaru
  2077 | D:3      | Reached XP level 6. HP: 53/53 MP: 7/7
  2621 | D:3      | Reached skill level 5 in Axes
  2788 | D:3      | Slain by vineage's ghost

Illustrated notes

Levels and vault maps discovered:
D:1:      ebering_trefoil_twist, layout_rooms,
          dreamdust_ecumenical_altar_angels_and_demons, serial_shops,
          nicolae_shop_waterfront, minmay_tetromino_s4
D:2:      layout_basic, nicolae_concentric_dashed_squares_wild, uniq_terence,
          uniq_natasha
D:3:      layout_basic, gammafunk_ghost_mausoleum, st_stairs_14, minmay_between
D:4:      layout_gridville

Skill      XL: |  1  2  3  4  5  6 |
---------------+-------------------+-----
Axes           | 3 4 5 |  5.1
Fighting       | 4 |  4.4
Invocations    | 1 2 |  2.9
Shields        | 4 |  4.0
Armour         | 4 |  4.0
Maces & Flails | 1 |  1.6
Polearms       | 1 |  1.6

Action                   |  1- 3 |  4- 6 || total
-------------------------+-------+-------++-------
Melee: War axe           |    50 |     9 ||    59
       Hand axe          |       |   106 ||   106
Throw: Dart              |       |    17 ||    17
Invok: Heroism           |     2 |     1 ||     3
  Use: Scroll            |     1 |     1 ||     2
       Potion            |       |     1 ||     1
Armor: Scale mail        |    27 |    39 ||    66
Dodge: Dodged            |    22 |    50 ||    72
Block: Buckler           |    12 |    22 ||    34

Table legend: (Time is in decaauts)
 A = Elapsed time spent in this place.
 B = Non-inter-level travel time spent in this place.
 C = Inter-level travel time spent in this place.
 D = Time resting spent in this place.
 E = Time spent auto-exploring this place.
 F = Levels seen in this place.
 G = Mean time per level.
                   A        B        C        D        E       F      G
               +--------+--------+--------+--------+--------+-----+--------+
         Total |   2807 |   2770 |     37 |    572 |   1654 |   4 |  701.8 |
       Dungeon |   2807 |   2770 |     37 |    572 |   1654 |   4 |  701.8 |
               +--------+--------+--------+--------+--------+-----+--------+

Top non-repeatable levels by time:
     D:3: 1103 daAuts
     D:2: 1010 daAuts
     D:1: 683 daAuts
     D:4: 10 daAuts
